 Dungeon Crawl Stone Soup version 0.29-a0-872-g797fff5ad1 (webtiles) character file.

Game seed: 5027588936040314023

0 raph the Conjurer (level 1, -1/14 HPs)
             Began as a Draconian Conjurer on July 18, 2022.
             Slain by a rat (2 damage)
             ... on level 1 of the Dungeon.
             The game lasted 00:00:28 (63 turns).

raph the Conjurer (Draconian Conjurer)                Turns: 63, Time: 00:00:29

Health: -1/14      AC:  4    Str:  9    XL:     1   Next: 8%
Magic:  0/3        EV: 12    Int: 18    God:
Gold:   0          SH:  0    Dex:  9    Spells: 3/4 levels left

rFire   . . .      SeeInvis .   (no weapon)
rCold   . . .      Faith    .   (no shield)
rNeg    . . .      Spirit   .   (body armour unavailable)
rPois   .          Reflect  .   (helmet restricted)
rElec   .          Harm     .   (no cloak)
rCorr   .          Rampage  .   (no gloves)
Will    .....                   (no boots)
Stlth   +.........              (no amulet)
HPRegen 0.04/turn               (no ring)
MPRegen 0.08/turn               (no ring)

@: very slightly contaminated, very slow
A: AC +4, unfitting armour, cold-blooded
a: no special abilities


You were on level 1 of the Dungeon.
You visited 1 branch of the dungeon, and saw 1 of its levels.

Inventory:

Potions
 a - a potion of magic


   Skills:
 + Level 1.7 Dodging
 + Level 1.7 Stealth
 + Level 2.0 Spellcasting
 * Level 4.0 Conjurations


You had 3 spell levels left.
You knew the following spells:

 Your Spells              Type           Power      Damage    Failure   Level
a - Magic Dart            Conj           64%        1d6       3%          1

Your spell library contained the following spells:

 Spells                   Type           Power      Damage    Failure   Level
 Searing Ray              Conj           32%        2d5       5%          2
 Dazzling Flash           Conj/Hex       18%        N/A       24%         3
 Fulminant Prism          Conj/Hex       4%         3d6       61%         4
 Iskenderun's Mystic Bla  Conj/Tloc      9%         2d4       61%         4


Dungeon Overview and Level Annotations

Branches:
Dungeon (1/15)

Altars:


Innate Abilities, Weirdness & Mutations

Your plain brown scales are hard. (AC +4)
You cannot fit into any form of body armour.
You are cold-blooded and may be slowed by cold attacks.


Message History

There is a staircase leading out of the dungeon here.
There is an open door here.
The hobgoblin hits you.
The hobgoblin hits you but does no damage.
A rat comes into view.
There is a broken door here.
Aiming: Magic Dart (safe; 3% risk of failure)
Press: ? - help, Q - select action Shift-Dir - straight line, f - hobgoblin
Aim: a hobgoblin (100% to hit)
The magic dart hits the hobgoblin but does no damage.
The hobgoblin barely misses you. The hobgoblin attacks as you move away!
The hobgoblin barely misses you.
The hobgoblin hits you but does no damage.
The hobgoblin closely misses you.
There is a broken door here.
The hobgoblin attacks as you move away! The hobgoblin hits you.
You don't have enough magic to cast this spell.
Unknown command.
You hit the rat.
The rat is heavily wounded.
The rat misses you.
You hit the rat but do no damage. The rat misses you.
The rat attacks as you move away! The rat closely misses you.
There is an open door here.
Aiming: Magic Dart (safe; 3% risk of failure)
Press: ? - help, Q - select action Shift-Dir - straight line, f/p - hobgoblin
Aim: a hobgoblin (100% to hit)
You miscast Magic Dart.
You are very lightly contaminated with residual magic.
Nothing appears to happen.
The rat bites you.
* * * LOW HITPOINT WARNING * * *
The rat attacks as you move away! The rat barely misses you.
The rat attacks as you move away! The rat bites you.
* * * LOW HITPOINT WARNING * * *
The rat misses you.
You enter the shallow water.
Moving in this stuff is going to be slow.
The rat closely misses you. The rat bites you.
You die...

. . ##+## ##.
#...#
#.#####...#####
#.#≈≈.#...#.≈≈#
###.#≈≈.#...#.≈≈#
#.#.#≈..#...#..@#
#...)≈..'.<.'gr≈#
#.#.#≈..#...#..≈#
#.#.#≈≈.#...#.≈≈#
#.#.#≈≈.#...#.≈≈#
##g#.#####...#####
...##. #...#
#.#.#. ##+##
.####.


You could see a hobgoblin and a rat.

Vanquished Creatures
  A kobold (D:1)
1 creature vanquished.

Notes
Turn   | Place    | Note
-------+----------+-------------------------------------------
     0 | D:1      | raph the Draconian Conjurer began the quest for the Orb.
     0 | D:1      | Reached XP level 1. HP: 14/14 MP: 3/3
    63 | D:1      | Slain by a rat

Illustrated notes

Levels and vault maps discovered:
D:1:      dpeg_arrival_yet_another_circle, layout_loops_ring,
          ebering_ecumenical_altar_ruins, chequers_serial_rivers_micro_c,
          st_stairs_5

Action                   || total
-------------------------++-------
Melee: Unarmed           ||     5
 Cast: Magic Dart        ||     5
Armor: Skin              ||     2
Dodge: Dodged            ||    10

Table legend: (Time is in decaauts)
 A = Elapsed time spent in this place.
 B = Non-inter-level travel time spent in this place.
 C = Inter-level travel time spent in this place.
 D = Time resting spent in this place.
 E = Time spent auto-exploring this place.
 F = Levels seen in this place.
 G = Mean time per level.
                   A        B        C        D        E       F      G
               +--------+--------+--------+--------+--------+-----+--------+
         Total |     64 |     64 |      0 |      0 |     18 |   1 |   64.0 |
       Dungeon |     64 |     64 |      0 |      0 |     18 |   1 |   64.0 |
               +--------+--------+--------+--------+--------+-----+--------+

Top non-repeatable levels by time:
     D:1: 64 daAuts
